 Dungeon Crawl Stone Soup version 0.32-a0-576-g706899e69d (webtiles) character file.

Game seed: 12727853060551833524

1779331 Drazool the Conqueror (level 27, 224/224 HPs)
             Began as a Coglin Hunter on Mar 1, 2024.
             Was the Champion of Hepliaklqana.
             Escaped with the Orb
             ... and 3 runes on Mar 2, 2024!
             The game lasted 03:42:57 (60387 turns).

Drazool the Conqueror (Coglin Hunter)              Turns: 60387, Time: 03:42:58

Health: 224/224    AC: 21    Str: 14    XL:     27
Magic:  35/35      EV: 34    Int: 11    God:    Hepliaklqana [******]
Gold:   5410       SH:  0    Dex: 30    Spells: 26/36 levels left

rFire   . . .        b - +3 greatsling "Punk" {acid, rCorr}
rCold   + . .        a - +8 hand cannon (heavy) {Byeongho}
rNeg    . . .        Y - +5 moon troll leather armour {Spirit, Regen++ MP+5}
rPois   +            K - +2 hat
rElec   .            Q - +2 cloak {rPois}
rCorr   +            Z - +2 pair of gloves {Dex+3}
SInv    .            P - +2 pair of boots {Fly}
Will    ++...        (amulet unavailable)
Stlth   +            (ring unavailable)
HPRegen 2.17/turn    (ring unavailable)
MPRegen 0.24/turn    H
                       - NW-40 gigaencabulator {rPois rC+ rCorr Clar RMsl}

%: repel missiles, clarity, guardian spirit
@: flying
A: reduced essence, off-hand wielding, slow wielding, warmup strikes, no
jewellery
0: Orb of Zot
}: 3/15 runes: decaying, serpentine, silver
a: Renounce Religion, Recall Ancestor, Ancestor Identity, Transference, Idealise


You escaped.
You worshipped Hepliaklqana.
Hepliaklqana was exalted by your worship.
You visited 10 branches of the dungeon, and saw 48 of its levels.
You visited the Abyss 1 time.
You also visited: Sewer and Ice Cave.

You collected 7414 gold pieces.
You spent 2004 gold pieces at shops.


Innate Abilities, Weirdness & Mutations

Your life essence is reduced to manifest your ancestor. (-10% HP)
You can wield a second weapon in your off-hand.
It takes a long time for you to wield or remove held weapons.
Your first few attacks do less damage.
You cannot equip rings or amulets.


   Skills:
 O Level 27 Fighting
 + Level 19.6 Ranged Weapons
 - Level 10.0 Armour
 - Level 20.0 Dodging
 - Level 4.0 Stealth
 - Level 5.0 Spellcasting
 - Level 11.7 Hexes
 - Level 12.1 Translocations
 - Level 10.0 Invocations
 - Level 17.0 Evocations


You had 26 spell levels left.
You knew the following spells:

 Your Spells              Type           Power      Damage    Failure   Level
u - Passage of Golubria   Tloc           29%        N/A       1%          4
B - Blink                 Tloc           58%        N/A       1%          2
X - Dimensional Bullseye  Hex/Tloc       14%        N/A       1%          4

Your spell library contained the following spells:

 Spells                   Type           Power      Damage    Failure   Level
 Apportation              Tloc           58%        N/A       1%          1
 Slow                     Hex            100%       N/A       1%          1
 Jinxbite                 Hex            56%        N/A       1%          2
 Lesser Beckoning         Tloc           58%        N/A       1%          2
 Confusing Touch          Hex            28%        N/A       1%          3
 Gell's Gravitas          Tloc           29%        N/A       1%          3
 Sigil of Binding         Hex            28%        N/A       1%          3
 Teleport Other           Tloc           29%        N/A       1%          3
 Tukima's Dance           Hex            28%        N/A       1%          3
 Cause Fear               Hex            14%        N/A       1%          4
 Manifold Assault         Tloc           29%        N/A       1%          4
 Ensorcelled Hibernation  Hex/Ice        30%        N/A       3%          2
 Momentum Strike          Conj/Tloc      32%        3d8       3%          2
 Dazzling Flash           Conj/Hex       30%        N/A       7%          3
 Inner Flame              Hex/Fire       15%        N/A       7%          3
 Vhi's Electric Charge    Tloc/Air       32%        N/A       21%         4
 Anguish                  Hex/Necr       7%         N/A       22%         4
 Foxfire                  Conj/Fire      8%         2x1d4     26%         1
 Freeze                   Ice            8%         1d3       26%         1
 Magic Dart               Conj           8%         1d3       26%         1
 Necrotise                Necr           8%         1d4       26%         1
 Shock                    Conj/Air       8%         1d3       26%         1
 Sting                    Conj/Alch      8%         1d3       26%         1
 Summon Small Mammal      Summ           8%         N/A       26%         1
 Mercury Vapours          Alch/Air       4%         N/A       36%         2
 Scorch                   Fire           4%         2d5       36%         2
 Searing Ray              Conj           4%         2d4       36%         2
 Metabolic Englaciation   Hex/Ice        7%         N/A       54%         5
 Silence                  Hex/Air        7%         N/A       54%         5
 Summon Mana Viper        Hex/Summ       15%        N/A       54%         5
 Yara's Violent Unravell  Hex/Alch       7%         3d5       54%         5
 Call Canine Familiar     Summ           2%         N/A       58%         3
 Frozen Ramparts          Ice            4%         1d1       58%         3
 Fugue of the Fallen      Necr           2%         N/A       58%         3
 Hailstorm                Conj/Ice       2%         3d5       58%         3
 Mephitic Cloud           Conj/Alch/Air  2%         N/A       58%         3
 Ozocubu's Armour         Ice            2%         N/A       58%         3
 Summon Ice Beast         Ice/Summ       2%         N/A       58%         3
 Swiftness                Air            2%         N/A       58%         3
 Vampiric Draining        Necr           2%         2d6       58%         3
 Airstrike                Air            1%         2d(1-17)  94%         4
 Animate Dead             Necr           2%         N/A       94%         4
 Flame Wave               Conj/Fire      2%         2d4       94%         4
 Fulminant Prism          Conj/Alch      1%         3d5       94%         4
 Leda's Liquefaction      Alch/Erth      1%         N/A       94%         4
 Martyr's Knell           Necr/Summ      2%         N/A       94%         4
 Olgreb's Toxic Radiance  Alch           2%         N/A       94%         4
 Petrify                  Alch/Erth      2%         N/A       94%         4
 Sticky Flame             Fire/Alch      2%         2d4       94%         4
 Summon Blazeheart Golem  Fire/Summ      2%         N/A       94%         4
 Alistair's Intoxication  Alch           1%         N/A       100%        5
 Arcjolt                  Conj/Air       1%         1d11      100%        5
 Borgnjor's Vile Clutch   Necr/Erth      1%         N/A       100%        5
 Curse of Agony           Necr           2%         N/A       100%        5
 Fireball                 Conj/Fire      1%         3d3       100%        5
 Freezing Cloud           Conj/Ice/Air   1%         6-21      100%        5
 Iskenderun's Battlesphe  Conj           2%         2d6       100%        5
 Bombard                  Conj/Erth      1%         9d1       100%        6
 Conjure Ball Lightning   Conj/Air       1%         3x3d6     100%        6
 Death Channel            Necr           1%         N/A       100%        6
 Eringya's Noxious Bog    Alch           1%         4d6       100%        6
 Sculpt Simulacrum        Ice/Alch       1%         N/A       100%        6
 Starburst                Conj/Fire      1%         6d3       100%        6
 Summon Cactus Giant      Summ           1%         N/A       100%        6
 Haunt                    Necr/Summ      1%         N/A       100%        7
 Orb of Destruction       Conj           1%         9d5       100%        7
 Ozocubu's Refrigeration  Ice            1%         4d7       100%        7
 Spellforged Servitor     Conj/Summ      1%         N/A       100%        7
 Discord                  Hex            14%        N/A       100%        8
 Disjunction              Tloc           14%        N/A       100%        8
 Lehudib's Crystal Spear  Conj/Erth      1%         10d2      100%        8
 Maxwell's Capacitive Co  Air            1%         ∞         100%        8
 Dragon's Call            Summ           1%         N/A       100%        9
 Polar Vortex             Ice            1%         N/A       100%        9

Inventory:

Hand Weapons
 a - a +8 heavy hand cannon (offhand) {Byeongho}
 b - the +3 greatsling "Punk" (weapon) {acid, rCorr}
   (You took it off a salamander on level 3 of the Snake Pit)

   rCorr:     It protects you from acid and corrosion.
 R - a +9 hand cannon of flaming {Chiraphon}
Missiles
 D - 3 throwing nets {=f}
Armour
 K - a +2 hat (worn)
 P - a +2 pair of boots of flying (worn)
 Q - a +2 cloak of poison resistance (worn)
 Y - the +5 moon troll leather armour (worn) {Spirit, Regen++ MP+5}
   (You took it off a deep elf annihilator on level 3 of the Elven Halls)

   MP+5:      It affects your magic capacity (+5).
   Regen++:   It increases your rate of health regeneration.
 Z - a +2 pair of gloves of dexterity (worn)
Magical Staves
 X - a staff of conjuration {!a}
Gizmo
 H - a NW-40 gigaencabulator (installed) {rPois rC+ rCorr Clar RMsl}
   (You invented it yourself on level 4 of the Lair of Beasts)

   [NW-40 gigaencabulator]

   rC+:       It protects you from cold.
   rPois:     It protects you from poison.
   Clar:      It protects you from confusion, rage, mesmerisation and fear.
   RMsl:      It protects you from missiles.
   rCorr:     It protects you from acid and corrosion.
Wands
 g - a wand of paralysis (75)
 u - a wand of roots (60)
 x - a wand of light (43)
 y - a wand of polymorph (31)
 C - a wand of digging (12)
 E - a wand of flame (70)
 I - a wand of mindburst (49)
Scrolls
 h - 8 scrolls of enchant armour
 j - 14 scrolls of amnesia
 k - 7 scrolls of noise
 o - 6 scrolls of fear
 r - 14 scrolls of fog
 t - 12 scrolls of vulnerability
 F - 7 scrolls of torment
 G - 9 scrolls of poison
 J - 2 scrolls of summoning
 M - 9 scrolls of teleportation {@r2}
 N - 7 scrolls of immolation
 O - 34 scrolls of identify {@r1}
 U - 2 scrolls of revelation
Potions
 e - 10 potions of enlightenment
 f - 9 potions of mutation
 l - 7 potions of heal wounds {@q2}
 m - 21 potions of curing {@q1}
 n - 6 potions of attraction
 q - 8 potions of might
 s - a potion of berserk rage {!q}
 v - 3 potions of cancellation
 w - 6 potions of magic
 A - 11 potions of brilliance
 B - 11 potions of lignification
 L - 2 potions of resistance
 T - 2 potions of invisibility
 W - a potion of haste {@q3}
Miscellaneous
 c - a phial of floods
 d - a sack of spiders
 p - a phantom mirror
 S - a condenser vane
 V - a lightning rod (4/4)

Dungeon Overview and Level Annotations

Branches:
Dungeon (15/15)            Temple (1/1) D:4            Lair (5/5) D:8
  Swamp (4/4) Lair:2        Snake (4/4) Lair:3        Slime (0/5) Lair:4
    Orc (2/2) D:10            Elf (3/3) Orc:2        Vaults (5/5) D:13
  Crypt (0/3) Vaults:2     Depths (4/4) D:15            Zot (5/5) Depths:4
  Sewer (visited)           IceCv (visited)

Altars:
Ashenzari
Cheibriados
Dithmenos
Elyvilon
Fedhas
Gozag
Hepliaklqana
Kikubaaqudgha
Makhleb
Nemelex Xobeh
Okawaru
Qazlal
Ru
Sif Muna
Trog
Uskayaw
Vehumet
Wu Jian
Xom
Yredelemnul
Zin
The Shining One
Beogh
Jiyva
Lugonu

Shops:
D:2 !   D:10 (   Orc:1 !   Orc:2 [=((*=!*   Elf:2 :   Snake:1 ![   Snake:2 =:=
Snake:3 [(   Vaults:1 =

Portals:
Hell: Depths:1 Depths:2 Depths:3 Depths:4
Abyss: Depths:1 Depths:3
Pandemonium: Depths:1 Depths:2 Depths:4
Ziggurat: Depths:4

Annotations:
D:3 3 runed translucent doors, ytrimaz's ghost, amateur CoGl
D:11 3 runed translucent doors, TheLasagnaBaron's ghost, novice DgEE; croobank's ghost, journeyman FeDe
D:12 3 runed translucent doors, jamsaran's ghost, journeyman DgAl
Temple 2 transporters
Lair:4 3 runed translucent doors, jasper's ghost, journeyman MDFi
Swamp:4 exclusion: door
Elf:2 3 runed translucent doors

#........########............
####............#.........÷..
#............#...#........
#####..........#...#####...#
#........♣.....#...# #....
#.........ß....#...#####....
#...>..................#....
#......................#....
#).........@R..........#R...
#...........................
#...........................
#..........#.#####..........
#.....##...#.# #.........(
#......#...#.#####......####
#......##..#............###.
#..........#................
###.....##.#................


You could see the friendly Marge Gundersen the knight (reflecting).


Message History

Unknown command.
You shoot a bolt. The bolt barely misses the Ice Fiend.
You shoot a sling bullet. The sling bullet hits the Ice Fiend!
The Ice Fiend is splashed with acid.
The acid corrodes the Ice Fiend!
The Ice Fiend is moderately wounded.
The Ice Fiend gestures at you.
The bolt of cold hits Marge Gundersen!
Marge Gundersen resists.
You shoot a bolt. The bolt barely misses the Ice Fiend.
You shoot a sling bullet. The sling bullet hits the Ice Fiend!
The Ice Fiend is splashed with acid.
The Ice Fiend seems to be corroded for longer.
The Ice Fiend is heavily wounded.
Unknown command.
You shoot a sling bullet. Marge Gundersen avoids your attack.
The sling bullet hits the Ice Fiend.
The Ice Fiend is splashed with acid!
The Ice Fiend seems to be corroded for longer.
The Ice Fiend is severely wounded.
You shoot a bolt. Marge Gundersen avoids your attack.
The bolt hits the Ice Fiend!!!
You kill the Ice Fiend!
Unknown command.
A ynoxinul comes into view.
Unknown command.
You shoot a bolt. The bolt hits the ynoxinul!!!!
You kill the ynoxinul!
You shoot a sling bullet.
Ancestor HP restored.
There is a staircase leading out of the dungeon here.
You have escaped!

Skill      XL: |  1  2  3  4  5  6  7  8  9 10 11 12 13 14 15 16 17 18 19 20 21 22 23 24 25 26 27 |
---------------+----------------------------------------------------------------------------------+-----
Ranged Weapons | 4 5 6 7 8 10 11 12 14 15 16 17 18 19 | 19.6
Dodging        | 4 7 8 10 12 13 15 17 20 | 20.0
Fighting       | 4 7 9 10 11 13 15 18 20 22 24 25 26 27 | 27.0
Invocations    | 6 8 10 | 10.0
Armour         | 3 4 7 10 | 10.0
Evocations     | 13 16 17 | 17.0
Stealth        | 4 |  4.0
Spellcasting   | 2 5 |  5.0
Translocations | 6 12 | 12.1
Hexes          | 8 11 | 11.7

Action                     |  1- 3 |  4- 6 |  7- 9 | 10-12 | 13-15 | 16-18 | 19-21 | 22-24 | 25-27 || total
---------------------------+-------+-------+-------+-------+-------+-------+-------+-------+-------++-------
   Fire: Sling             |    96 |   214 |   604 |  1210 |  2844 |  1594 |       |       |       ||  6562
         Greatsling        |       |       |       |       |       |   427 |   906 |  1056 |   740 ||  3129
         Hand cannon       |       |       |       |       |       |   151 |   906 |  1056 |   864 ||  2977
  Throw: Throwing net      |       |       |       |     1 |       |       |       |       |       ||     1
   Cast: Passage of Golubr |       |       |       |       |       |       |       |       |     2 ||     2
         Dimensional Bulls |       |       |       |       |       |       |       |       |     1 ||     1
 Invoke: Ancestor Identity |       |       |     1 |       |       |       |       |     1 |       ||     2
         Recall Ancestor   |       |       |     1 |     4 |    13 |    11 |     9 |     8 |    13 ||    59
         Ancestor Life: Kn |       |       |     1 |       |       |       |       |       |       ||     1
         Idealise          |       |       |       |     1 |    13 |     8 |     7 |     6 |     8 ||    43
Ability: Invent Gizmo      |       |       |       |       |     1 |       |       |       |       ||     1
  Evoke: Wand              |       |       |     2 |       |       |     1 |       |       |       ||     3
         Phial of floods   |       |       |       |       |       |     1 |     1 |       |       ||     2
         Phantom mirror    |       |       |       |       |       |       |     1 |       |       ||     1
    Use: Scroll            |       |     5 |     7 |     9 |    12 |    17 |     3 |     5 |    19 ||    77
         Potion            |       |       |       |     4 |     3 |    14 |     2 |       |     4 ||    27
 Armour: Leather armour    |     4 |    19 |    33 |       |       |       |       |       |       ||    56
         Ring mail         |       |       |    13 |   142 |   241 |   301 |   135 |    25 |       ||   857
         Skin              |       |       |       |    19 |       |       |       |       |       ||    19
         Troll leather arm |       |       |       |       |       |       |       |   106 |   149 ||   255
  Dodge: Dodged            |     5 |    23 |    52 |   124 |   305 |   221 |   131 |   166 |   245 ||  1272
         Repelled          |       |       |       |       |    17 |    61 |    32 |    60 |    52 ||   222

Levels and vault maps discovered:
D:1:      wander_arrival_lonely_grave, layout_basic
D:2:      layout_loops_cross, serial_shops, nicolae_shop_industrial_runoff,
          serial_forest, infiniplex_forest_pool, infiniplex_forest_lined_3_way,
          infiniplex_forest_lined_corner, infiniplex_forest_straight_3,
          infiniplex_forest_lined_room_2, infiniplex_forest_lined_2,
          minivault_4, st_stairs_7, amcnicky_mini_rare_corridor_liquid,
          kennysheep_potato, uniq_jessica
D:3:      layout_basic, mainiacjoe_overflow_cross_hatched,
          gammafunk_ghost_necromancy, serial_aquarium, aquarium_bridge_square
          [aquarium_subvault_bridge, aquarium_subvault_wall,
          aquarium_subvault_balcony, aquarium_subvault_window],
          aquarium_bridge_square [aquarium_subvault_window,
          aquarium_subvault_bridge, aquarium_subvault_wall,
          aquarium_subvault_wall], aquarium_window_corner,
          aquarium_window_corridor_1, aquarium_window_fake, aquarium_window_1,
          aquarium_view_2c, aquarium_balcony_3a, glass_columns_a,
          pf_guarded_unrand_meek
D:4:      layout_basic, kennysheep_little_box, temple_pool_b
D:5:      layout_cave_pools, okawaru_metal_pillars_3, fedhas_altar_3,
          gup_sewer_entry_spiral, uniq_menkaure
D:6:      layout_cave_pools, mainiacjoe_overflow_small_starburst,
          amcnicky_altar_gilded, mainiacjoe_overflow_catwalk,
          gammafunk_temple_overflow_pools, serial_rivers,
          chequers_serial_rivers_micro_c, chequers_serial_rivers_micro_c,
          chequers_serial_rivers_large_b, chequers_serial_rivers_small_b,
          chequers_serial_rivers_room_b, uniq_maggie
D:7:      layout_rooms, mainiacjoe_overflow_brackets, nicolae_sextant,
          uniq_duvessa
D:8:      layout_basic, xom_confusion_cloud, erik_lair_dragon, minmay_bent
D:9:      layout_gridville, uniq_erica, uniq_harold
D:10:     layout_roguey, orc_david_3, lightli_corner_chamber, uniq_urug
D:11:     layout_irregular_city, gammafunk_ghost_cemetery, uniq_grum
D:12:     layout_rooms, gammafunk_ghost_split
D:13:     layout_long_grid, david_vaults_4
D:14:     layout_roguey
D:15:     hangedman_depths_entry_civil_slaughter, layout_irregular_city,
          chequers_mini_garden
Temple:   hellmonk_temple_divided_pantheon
Lair:1:   layout_cave_pods
Lair:2:   layout_regular_city, alex1729_swamp_entry_worm_eleionoma,
          hellmonk_talismancer
Lair:3:   layout_chaotic_city, dummy_snake_entry, lemuel_fruit_fields
Lair:4:   layout_gridlike, slime_entry_1, ebering_ghost_rock_garden,
          uniq_josephine
Lair:5:   minmay_lair_end_enchanted_forest, layout_gridlike,
          grunt_forest_large_clearing_hut, infiniplex_staircase_pool
Swamp:1:  nicolae_swamp_ascending_descending_big, layout_basic_swamp,
          serial_swamp_ruin, evilmike_swamp_ruin_wall,
          evilmike_swamp_ruin_house_3, nicolae_swamp_bean_lake
Swamp:2:  layout_basic_swamp, nicolae_swamp_trees_clearing
Swamp:3:  layout_falls_marsh, lemuel_altar_in_water2
Swamp:4:  grunt_swamp_rune_castle, layout_basic_swamp
Snake:1:  layout_layer_cave, minmay_shoptagon
Snake:2:  nicolae_snake_attic_fulla_snakes, layout_grid_maze, minmay_shop_grove
Snake:3:  layout_cave_town, guppyfry_snake_island, minmay_shop_star,
          uniq_mlioglotl
Snake:4:  snake_pit, layout_cave_town, grunt_megastairs_3, lemuel_fruit_tree
Orc:1:    layout_caves, serial_shops, nicolae_diamond_shop, basic_altar
Orc:2:    hellmonk_orc_salted, layout_caves, serial_shops, shop, shop,
          nicolae_shop_gibbet_a_chance, shop, portal_ice_cave_demonic_guard
Elf:1:    eino_elf_arrival_shootout, layout_onion_city,
          portal_desolation_entry_twin_temple, minmay_elf_demonology
Elf:2:    nicolae_elf_blades_crystal_corner, layout_gridlike, serial_shops,
          nicolae_lakefront_shop
Elf:3:    minmay_elf_hall_curves, layout_loops_corners,
          nicolae_elf_stone_circles, nrook_loot_triangle
Vaults:1: nicolae_vaults_security_offices_1, v_rooms_4,
          nicolae_vaults_network_s, nicolae_vaults_network_square, v_rooms_6,
          ontoclasm_vaults_idyll, ontoclasm_vaults_eye, vaults_room_grid,
          vaults_room_grunt_arrival_checkpoint, v_misc_8, grunt_vaults_focal,
          vaults_room_hallway, layout_vaults_maze, serial_shops, shop
Vaults:2: hangedman_vaults_maws, v_misc_5, nicolae_vaults_house_3,
          blue_anna_dwarven_crypt, v_misc_9, nicolae_vaults_heist, v_misc_25,
          nicolae_vaults_tetromino_L_1, ontoclasm_vaults_claustrophobia,
          v_alt_pattern_6, nicolae_vaults_closet_pinwheel_3,
          vaults_dpeg_encased_lava, nicolae_vaults_double_plus_1,
          layout_vaults_quadrants, uniq_frederick
Vaults:3: v_misc_28, nicolae_vaults_little_squares_2, v_misc_17,
          nicolae_vaults_heart-shaped_vault,
          nicolae_vaults_antechamber_and_loot_room, vaults_room_door_hall,
          nicolae_vaults_heart-shaped_vault, vaults_room_fours,
          nicolae_vaults_apartment_2, hangedman_vaults_nails,
          nicolae_vaults_tetromino_T_1, nicolae_vaults_little_squares_4,
          nicolae_vaults_variable_pillar_hall, layout_vaults_chaotic_city,
          uniq_zenata
Vaults:4: vaults_dpeg_diagonal, vaults_mumra_hexcomb,
          nicolae_vaults_offset_grid_hallway_3, nicolae_vaults_sesquioval_fish,
          nicolae_vaults_theta, nicolae_vaults_stairing_the_circle,
          nicolae_vaults_sightless_eye, nicolae_vaults_stepped_doors,
          ontoclasm_vaults_fault, nicolae_vaults_trapezoid_3,
          hangedman_vaults_hat, nicolae_vaults_loss_of_containment,
          vaults_room_stairs_pillars, nicolae_vaults_double_plus_3,
          layout_vaults_omnibox, uniq_margery
Vaults:5
Depths:1: layout_small_grid, abyss_entry_flame_altar,
          hangedman_abyss_or_decor_stabs, pf_hell_entry_tar_river, pan_entry,
          skrybe_limestone_x, serial_bayou_lagoon_a, minmay_misc_feat_tiny,
          nicolae_qazlal_scattered_showers
Depths:2: grunt_crosshair, layout_cave_shapes, pan_entry, hell_entry,
          nicolae_benzene_ring
Depths:3: nzn_winding_woodlands_huge [nzn_winding_woodlands_5x15_pockets,
          nzn_winding_woodlands_5x15_sawtooth,
          nzn_winding_woodlands_5x15_concentric,
          nzn_winding_woodlands_5x15_pool, nzn_winding_woodlands_5x15_garden,
          nzn_winding_woodlands_5x15_default, nzn_winding_woodlands_5x15_parted,
          nzn_winding_woodlands_5x15_split_checker,
          nzn_winding_woodlands_5x15_zeroes, nzn_winding_woodlands_5x15_crooked,
          nzn_winding_woodlands_center_triple_pond,
          nzn_winding_woodlands_center_diamonds,
          nzn_winding_woodlands_15x15_thick_spiral], layout_small_grid,
          hell_entry, abyss_entry_small_statue_room
Depths:4: evilmike_zot_entry_argh, layout_gridlike, enter_ziggurat_a,
          nrook_pool_corridor, grunt_pan_entry_in_and_out, hell_entry
Zot:1:    layout_cathedral_of_symmetry, grunt_megastairs_2
Zot:2:    layout_misc_corridors, regret_index_zotdec_dark_gr,
          skrybe_zot_glass_3, regret_index_zotdec_twisting_globes, uniq_grunn,
          uniq_parghit
Zot:3:    layout_onion, regret_index_zotdec_golden_two_three,
          hangedman_feature_mirror
Zot:4:    layout_misc_corridors, drop_trap
Zot:5:    layout_cathedral_of_symmetry

Notes
Turn   | Place    | Note
-------+----------+-------------------------------------------
     0 | D:1      | Drazool the Coglin Hunter began the quest for the Orb.
     0 | D:1      | Reached XP level 1. HP: 16/16 MP: 1/1
   119 | D:1      | Reached skill level 4 in Ranged Weapons
   119 | D:1      | Reached XP level 2. HP: 19/22 MP: 2/2
   557 | D:2      | Found Faorph's Distillery.
   742 | D:2      | Reached XP level 3. HP: 27/27 MP: 3/3
   811 | D:2      | Noticed Jessica
   815 | D:2      | Killed Jessica
   872 | D:2      | Reached skill level 5 in Ranged Weapons
   872 | D:2      | Reached XP level 4. HP: 33/33 MP: 4/4
  1458 | D:2      | Bought a potion of heal wounds for 60 gold pieces
  1499 | D:3      | Found a glowing golden altar of the Shining One.
  1854 | D:3      | Found a runed translucent gate.
  1856 | D:3      | Found a runed translucent gate.
  1857 | D:3      | Found a runed translucent gate.
  1859 | D:3      | Noticed ytrimaz's ghost (amateur CoGl)
  1877 | D:3      | Found a roughly hewn altar of Beogh.
  1877 | D:3      | Found the +7 staff of the Meek {protect, meekguard}
  1883 | D:3      | Reached XP level 5. HP: 38/38 MP: 5/5
  2277 | D:4      | Found a staircase to the Ecumenical Temple.
  2324 | Temple   | Found a transporter.
  2324 | Temple   | Found a transporter.
  2324 | Temple   | Found a transporter.
  2324 | Temple   | Found a transporter.
  2324 | Temple   | Entered the Ecumenical Temple
  2337 | Temple   | Became a worshipper of Hepliaklqana the Forgotten
  2573 | D:4      | Reached skill level 6 in Ranged Weapons
  2757 | D:4      | Reached XP level 6. HP: 31/44 MP: 6/6
  2889 | D:4      | Found an ancient bone altar of Kikubaaqudgha.
  3245 | D:5      | Entered Level 5 of the Dungeon
  3263 | D:5      | Reached skill level 7 in Ranged Weapons
  3352 | D:5      | Reached XP level 7. HP: 46/50 MP: 7/7
  3397 | D:5      | Found a glowing drain.
  3401 | Sewer    | Entered a sewer
  3506 | Sewer    | Reached skill level 8 in Ranged Weapons
  3548 | Sewer    | Reached * piety under Hepliaklqana
  3565 | Sewer    | Found a glowing silver altar of Zin.
  3760 | D:5      | Found a blossoming altar of Fedhas.
  3789 | D:5      | Reached XP level 8. HP: 50/50 MP: 8/8
  3812 | D:5      | Found an iron altar of Okawaru.
  3887 | D:5      | Noticed Menkaure
  3899 | D:5      | Reached skill level 9 in Ranged Weapons
  3901 | D:5      | Killed Menkaure
  4079 | D:6      | Noticed Maggie
  4357 | D:6      | Paralysed by Maggie for 3 turns
  4358 | D:6      | Found an ornate altar of the Wu Jian Council.
  4358 | D:6      | Found a white marble altar of Elyvilon.
  4363 | D:6      | Killed Maggie
  4364 | D:6      | Reached skill level 10 in Ranged Weapons
  4464 | D:6      | Reached XP level 9. HP: 49/54 MP: 9/9
  4481 | D:6      | Reached skill level 11 in Ranged Weapons
  4787 | D:6      | Reached ** piety under Hepliaklqana
  4788 | D:6      | Remembered your ancestor Marge Gundersen as a knight
  4821 | D:6      | Found a sparkling altar of Nemelex Xobeh.
  5021 | D:6      | Found a snail-covered altar of Cheibriados.
  5021 | D:6      | Found a bloodstained altar of Trog.
  5445 | D:7      | Reached skill level 2 in Dodging
  5477 | D:7      | Noticed Dowan
  5497 | D:7      | Killed Dowan
  5501 | D:7      | Noticed Duvessa
  5515 | D:7      | Killed Duvessa
  5536 | D:7      | Found a radiant altar of Vehumet.
  5891 | D:8      | Reached skill level 3 in Fighting
  6000 | D:8      | Reached skill level 3 in Dodging
  6011 | D:8      | Reached skill level 4 in Fighting
  6163 | D:8      | Reached skill level 4 in Dodging
  6169 | D:8      | Reached *** piety under Hepliaklqana
  6214 | D:8      | Found a shimmering altar of Xom.
  6223 | D:8      | Reached XP level 10. HP: 65/65 MP: 10/10
  6231 | D:8      | Reached skill level 5 in Fighting
  6253 | D:8      | Reached skill level 5 in Dodging
  6315 | D:8      | Identified the +1 leather armour of Puumig {*Corrode rElec
                  | rN+++ SInv}
  6412 | D:8      | Reached skill level 6 in Fighting
  6736 | D:8      | Reached skill level 6 in Dodging
  6763 | D:8      | Reached skill level 7 in Fighting
  6817 | D:8      | Found a staircase to the Lair.
  7066 | D:9      | Reached skill level 7 in Dodging
  7190 | D:9      | Reached XP level 11. HP: 62/77 MP: 11/11
  7191 | D:9      | Noticed Erica
  7200 | D:9      | Killed Erica
  7201 | D:9      | Reached skill level 8 in Fighting
  7276 | D:9      | Noticed a two-headed ogre
  7283 | D:9      | Killed a two-headed ogre
  7349 | D:9      | Reached skill level 8 in Dodging
  7401 | D:9      | Noticed Harold
  7414 | D:9      | Killed Harold
  7415 | D:9      | Reached skill level 9 in Fighting
  7777 | D:10     | Entered Level 10 of the Dungeon
  7777 | D:10     | Reached **** piety under Hepliaklqana
  7838 | D:10     | Noticed a boulder beetle
  7839 | D:10     | Noticed a five-headed hydra
  7839 | D:10     | Noticed a skeletal warrior
  7856 | D:10     | Noticed Urug
  7911 | D:10     | Killed Urug
  7912 | D:10     | Reached skill level 2 in Invocations
  8110 | D:10     | Reached skill level 3 in Invocations
  8123 | D:10     | Noticed an orc knight
  8140 | D:10     | Reached skill level 4 in Invocations
  8162 | D:10     | Killed an orc knight
  8324 | D:10     | You fall into a shaft and drop 2 floors!
  8335 | D:12     | Found the amulet of Elemental Vulnerability {rPois rF--
                  | rC-- AC+8}
  8342 | D:12     | Found a runed translucent gate.
  8373 | D:11     | Reached skill level 5 in Invocations
  8419 | D:11     | Noticed a manticore
  8426 | D:11     | Killed a manticore
  8589 | D:10     | Reached skill level 6 in Invocations
  8593 | D:10     | Reached XP level 12. HP: 44/85 MP: 16/16
  8791 | D:10     | Noticed a centaur warrior
  8792 | D:10     | Found Huwyvaix's Weapon Shoppe.
  8798 | D:10     | Killed a centaur warrior
  8967 | D:10     | Found a staircase to the Orcish Mines.
  9311 | D:11     | Reached skill level 7 in Invocations
  9358 | D:11     | Found a runed translucent gate.
  9358 | D:11     | Found a runed translucent gate.
  9358 | D:11     | Found a runed translucent gate.
  9772 | D:11     | Noticed Grum
 10136 | D:11     | Noticed TheLasagnaBaron's ghost (novice DgEE)
 10136 | D:11     | Noticed croobank's ghost (journeyman FeDe)
 10194 | D:12     | Found a runed translucent gate.
 10195 | D:12     | Found a runed translucent gate.
 10198 | D:12     | Noticed jamsaran's ghost (journeyman DgAl)
 10225 | D:12     | Noticed a two-headed ogre
 10248 | D:11     | Reached skill level 8 in Invocations
 10430 | D:11     | Killed Grum
 10491 | D:12     | Noticed a boulder beetle
 10501 | D:11     | Killed a two-headed ogre
 10711 | D:12     | Noticed a two-headed ogre
 10965 | Lair:1   | Entered Level 1 of the Lair of Beasts
 10982 | Lair:1   | Reached skill level 10 in Fighting
 11234 | Lair:1   | Reached skill level 9 in Dodging
 11264 | Lair:1   | Noticed a skyshark
 11274 | Lair:1   | Killed a skyshark
 11425 | Lair:1   | Reached ***** piety under Hepliaklqana
 11746 | Lair:2   | Reached skill level 10 in Dodging
 11803 | Lair:2   | Reached skill level 12 in Ranged Weapons
 12114 | Lair:2   | Reached XP level 13. HP: 92/92 MP: 19/19
 12129 | Lair:2   | Noticed an eleionoma
 12141 | Lair:2   | Killed an eleionoma
 12146 | Lair:2   | Reached skill level 13 in Ranged Weapons
 12350 | Lair:2   | Found a staircase to the Swamp.
 13127 | Lair:2   | Identified the maw talisman of the Teaching Gods {rElec
                  | rPois Dex+3}
 14103 | Lair:3   | Reached skill level 14 in Ranged Weapons
 14111 | Lair:3   | Found a staircase to the Snake Pit.
 14407 | Lair:3   | Reached skill level 11 in Dodging
 15171 | Lair:4   | Reached skill level 12 in Dodging
 15189 | Lair:4   | Reached skill level 1 in Armour
 15272 | Lair:4   | Reached skill level 2 in Armour
 15349 | Lair:4   | Reached skill level 3 in Armour
 15349 | Lair:4   | Reached XP level 14. HP: 99/99 MP: 20/20
 15349 | Lair:4   | Acquired a NW-40 gigaencabulator {rPois rC+ rCorr Clar
                  | RMsl}
 15366 | Lair:4   | Reached skill level 4 in Armour
 15535 | Lair:4   | Found a runed translucent gate.
 15535 | Lair:4   | Found a runed translucent gate.
 15535 | Lair:4   | Found a runed translucent gate.
 15537 | Lair:4   | Noticed jasper's ghost (journeyman MDFi)
 15568 | Lair:4   | Reached skill level 1 in Evocations
 15575 | Lair:4   | Noticed Josephine
 15594 | Lair:4   | Killed Josephine
 15595 | Lair:4   | Reached skill level 3 in Evocations
 15846 | Lair:4   | Reached skill level 4 in Evocations
 15893 | Lair:4   | Reached skill level 5 in Evocations
 16169 | Lair:4   | Found a staircase to the Slime Pits.
 16169 | Lair:4   | Found a viscous altar of Jiyva.
 16386 | Lair:5   | Entered Level 5 of the Lair of Beasts
 16458 | Lair:5   | Reached skill level 6 in Evocations
 16679 | Lair:5   | Reached skill level 7 in Evocations
 16776 | Lair:5   | Reached skill level 8 in Evocations
 16899 | Lair:5   | Reached skill level 9 in Evocations
 17063 | Lair:5   | Reached skill level 10 in Evocations
 17144 | Lair:5   | Reached skill level 11 in Evocations
 17401 | Lair:5   | Reached skill level 12 in Evocations
 17658 | Lair:5   | Reached skill level 13 in Evocations
 17772 | Lair:5   | Reached XP level 15. HP: 103/103 MP: 21/21
 18083 | Lair:5   | Reached skill level 14 in Evocations
 18421 | Orc:1    | Entered Level 1 of the Orcish Mines
 19123 | Orc:1    | Found Laurphei's Distillery.
 19142 | Orc:1    | Bought a potion of might for 52 gold pieces
 19142 | Orc:1    | Bought a potion of magic for 104 gold pieces
 19142 | Orc:1    | Bought a potion of resistance for 130 gold pieces
 19268 | Orc:2    | Entered Level 2 of the Orcish Mines
 19287 | Orc:2    | Reached skill level 15 in Evocations
 19310 | Orc:2    | Found Dulur's Armour Shop.
 19318 | Orc:2    | Found Muchyk's Weapon Shop.
 19322 | Orc:2    | Found Hawuf's Jewellery Boutique.
 19387 | Orc:2    | Found a frozen archway.
 19485 | IceCv    | Entered an ice cave
 20096 | IceCv    | Reached skill level 16 in Evocations
 20446 | Orc:2    | Found Sionibas's Antique Weapon Boutique.
 20462 | Orc:2    | Bought a +0 pair of boots for 58 gold pieces
 20625 | Orc:2    | Noticed an orc warlord
 20647 | Orc:2    | Killed an orc warlord
 20718 | Orc:2    | Found Zynie's Jewellery Shop.
 20719 | Orc:2    | Found a roughly hewn altar of Beogh.
 20720 | Orc:2    | Found Cued's Distillery.
 20726 | Orc:2    | Bought a potion of degeneration for 15 gold pieces
 20771 | Orc:2    | Reached skill level 11 in Fighting
 21096 | Orc:2    | Found a staircase to the Elven Halls.
 21311 | Orc:2    | Found Osar's Assorted Antiques.
 21325 | Orc:2    | Bought 2 potions of heal wounds for 220 gold pieces
 21325 | Orc:2    | Bought a wand of light (4) for 369 gold pieces
 21352 | Orc:2    | Found Qeuxinol's General Store.
 21428 | Orc:1    | Found a roughly hewn altar of Beogh.
 21958 | D:12     | Identified a potion of experience
 21962 | D:12     | Reached skill level 7 in Armour
 21962 | D:12     | Reached XP level 16. HP: 114/114 MP: 22/22
 22179 | D:13     | Reached skill level 12 in Fighting
 22504 | D:13     | Reached ****** piety under Hepliaklqana
 22778 | D:13     | Found a gate to the Vaults.
 23318 | D:13     | Reached skill level 13 in Fighting
 23375 | D:14     | Reached XP level 17. HP: 104/122 MP: 21/23
 23920 | D:15     | Entered Level 15 of the Dungeon
 24299 | D:15     | Reached skill level 14 in Fighting
 24698 | D:15     | Found a staircase to the Depths.
 25159 | Snake:1  | Entered Level 1 of the Snake Pit
 25475 | Snake:1  | Reached skill level 15 in Fighting
 25652 | Snake:1  | Identified a +2 robe of resistance
 25815 | Snake:1  | Found Kuleys's Distillery.
 25819 | Snake:1  | Found Oclusk's Armour Shoppe.
 25834 | Snake:1  | Bought a +2 pair of boots of flying for 258 gold pieces
 25834 | Snake:1  | Bought a +1 cloak of poison resistance for 162 gold pieces
 26285 | Snake:2  | Found Cycwi's Jewellery Boutique.
 26285 | Snake:2  | Found Yroamata's Book Emporium.
 26286 | Snake:2  | Found Hied's Jewellery Boutique.
 26537 | Snake:2  | Reached skill level 17 in Evocations
 27017 | Snake:3  | Noticed Mlioglotl
 27590 | Snake:3  | Noticed an ancient lich
 27611 | Snake:2  | HP: 9/127 [starcursed mass/accursed screaming[Mlioglotl]
                  | (10)]
 27945 | Snake:2  | Noticed a tentacled starspawn
 27947 | Snake:2  | Killed Mlioglotl
 28529 | Snake:3  | Reached skill level 15 in Ranged Weapons
 29307 | Snake:3  | Reached XP level 18. HP: 134/134 MP: 24/24
 29412 | Snake:3  | Found Jismunna's Armour Boutique.
 29416 | Snake:3  | Found Giozxamu's Antique Weapon Boutique.
 29603 | Snake:3  | Reached skill level 16 in Ranged Weapons
 29651 | Snake:4  | Entered Level 4 of the Snake Pit
 30522 | Snake:4  | Reached skill level 16 in Fighting
 30881 | Snake:4  | Got a serpentine rune of Zot
 30926 | Snake:4  | Reached skill level 17 in Fighting
 31035 | Snake:4  | Identified a scroll of acquirement
 31035 | Snake:4  | Acquired a +5 hand cannon of flaming
 31409 | Swamp:1  | Entered Level 1 of the Swamp
 32057 | Swamp:2  | Identified the +1 leather armour "Jaroopel" {-Tele rF+
                  | Will+ Str+3}
 32084 | Swamp:2  | Reached skill level 18 in Fighting
 32600 | Swamp:3  | Paralysed by a fenstrider witch for 5 turns
 32606 | Swamp:3  | HP: 12/141 [tyrant leech (21)]
 33007 | Swamp:3  | Found a sacrificial altar of Ru.
 33155 | Swamp:3  | Reached skill level 13 in Dodging
 33155 | Swamp:3  | Reached XP level 19. HP: 108/146 MP: 25/25
 33494 | Swamp:4  | Entered Level 4 of the Swamp
 34230 | Snake:2  | Reached skill level 14 in Dodging
 34777 | Swamp:4  | Reached skill level 15 in Dodging
 34828 | Swamp:4  | Noticed the 27-headed Lernaean hydra
 34836 | Swamp:4  | Killed the 27-headed Lernaean hydra
 35202 | Swamp:4  | Got a decaying rune of Zot
 35647 | Elf:1    | Entered Level 1 of the Elven Halls
 35806 | Elf:1    | Found a crumbling gateway.
 35938 | Elf:1    | Paralysed by an air elemental for 1 turns
 35939 | Elf:1    | Reached skill level 17 in Ranged Weapons
 36006 | Elf:1    | Got Fuappud's Treatise on the Mirage
 36585 | Elf:1    | Reached XP level 20. HP: 153/153 MP: 26/26
 36912 | Vaults:1 | Entered Level 1 of the Vaults
 36912 | Vaults:1 | Found Buol's Jewellery Shop.
 36950 | Vaults:1 | Reached skill level 18 in Ranged Weapons
 37307 | Vaults:1 | Reached skill level 9 in Invocations
 37570 | Vaults:1 | Reached skill level 10 in Invocations
 37851 | Vaults:1 | Reached skill level 8 in Armour
 38314 | Vaults:2 | Reached skill level 9 in Armour
 38566 | Vaults:2 | Identified the orb "Noraoc" {*channel, rElec rF- MP+9
                  | Dex+2}
 38566 | Vaults:2 | Noticed Frederick
 38588 | Vaults:2 | HP: 6/153 [Frederick (55)]
 38927 | Vaults:2 | Killed Frederick
 38928 | Vaults:2 | Reached skill level 10 in Armour
 38928 | Vaults:2 | Reached skill level 2 in Stealth
 39053 | Vaults:2 | Reached skill level 3 in Stealth
 39073 | Vaults:2 | Reached skill level 4 in Stealth
 39164 | Vaults:2 | Identified the +1 chain mail "Gaynex" {Harm Regen+ Int-4
                  | Dex+2}
 39187 | Vaults:2 | Reached XP level 21. HP: 160/160 MP: 28/28
 39477 | Vaults:2 | Found a staircase to the Crypt.
 40200 | Vaults:2 | Reached skill level 19 in Fighting
 40585 | Vaults:3 | Acquired 441 gold pieces
 41122 | Vaults:3 | Reached skill level 20 in Fighting
 41372 | Vaults:3 | Noticed Zenata
 41384 | Vaults:3 | Killed Zenata
 41898 | Vaults:4 | Reached skill level 16 in Dodging
 42729 | Vaults:4 | You are cast into the Abyss!
 42729 | Abyss:3  | Cast into level 3 of the Abyss (vault warden)
 42892 | Abyss:3  | Found a corrupted altar of Lugonu.
 43006 | Abyss:3  | Reached skill level 17 in Dodging
 43006 | Abyss:3  | Reached XP level 22. HP: 171/171 MP: 29/29
 43206 | Vaults:4 | You pass through the gate.
 43206 | Vaults:4 | Escaped the Abyss
 43994 | Elf:1    | Paralysed by an air elemental for 1 turns
 44266 | Elf:2    | Reached skill level 18 in Dodging
 44340 | Elf:2    | Found a runed translucent gate.
 44341 | Elf:2    | Found a runed translucent gate.
 44341 | Elf:2    | Found a runed translucent gate.
 44382 | Elf:2    | Found Utolaxy's Book Boutique.
 44560 | Elf:3    | Entered Level 3 of the Elven Halls
 45635 | Elf:3    | Reached skill level 19 in Dodging
 45780 | Elf:3    | Identified the +6 short sword of Yredelemnul's Grace
                  | {antimagic, rC++ Str+2}
 45992 | Elf:3    | Identified the amulet "Silaz" {Faith rN+ SInv Stlth+}
 46004 | Elf:3    | Identified the amulet "Sitocvoh" {Reflect Dex+4 SH+5}
 46041 | Elf:3    | Identified the +8 morningstar of Courage {venom, rN+ Int+3}
 46041 | Elf:3    | Identified +2 pearl dragon scales
 46086 | Elf:3    | Identified the +2 scale mail of Omission {rElec Slay+3}
 46127 | Elf:3    | Got Juqulereh's Spellcasting Continued
 46137 | Elf:3    | Identified the +7 mace of Defenestration {freeze, rElec
                  | rCorr Str-5 Dex+3}
 46492 | Depths:1 | Entered Level 1 of the Depths
 46567 | Depths:1 | Found a one-way gate leading to the halls of Pandemonium.
 46757 | D:15     | Reached skill level 20 in Dodging
 46760 | D:15     | Reached skill level 1 in Spellcasting
 46833 | D:15     | Reached skill level 2 in Spellcasting
 46869 | D:15     | Reached XP level 23. HP: 140/176 MP: 26/30
 46927 | D:15     | Reached skill level 3 in Spellcasting
 47046 | Depths:1 | Found a gateway to Hell.
 47111 | Depths:1 | Reached skill level 4 in Spellcasting
 47157 | Depths:1 | Found a stormy altar of Qazlal.
 47207 | Depths:1 | Found a one-way gate to the infinite horrors of the Abyss.
 47208 | Depths:1 | Found a corrupted altar of Lugonu.
 47477 | Depths:2 | Reached skill level 5 in Spellcasting
 47858 | Depths:2 | Noticed a golden dragon
 47870 | Depths:2 | Killed a golden dragon
 47871 | Depths:2 | Reached skill level 21 in Fighting
 49084 | Depths:3 | Reached skill level 22 in Fighting
 49593 | Depths:3 | Reached XP level 24. HP: 167/190 MP: 29/30
 49844 | Depths:3 | Reached skill level 23 in Fighting
 49874 | Depths:3 | Identified the +1 trident of Calamity {vamp, *Rage rF+ rC+
                  | Stlth+}
 50051 | Depths:3 | Identified the staff of the Screaming Seeker {*Slow rN+
                  | Necro Fire Earth}
 50056 | Depths:3 | Identified the +9 quarterstaff "Zext" {freeze, Will+ Int+2
                  | SInv}
 50150 | Depths:4 | Entered Level 4 of the Depths
 50501 | Depths:4 | Found a gate to the Realm of Zot.
 50510 | Depths:4 | Reached skill level 24 in Fighting
 50816 | Elf:2    | Bought Great Wizards, Vol. VII for 360 gold pieces
 50821 | Elf:2    | Learned a level 4 spell: Dimensional Bullseye
 50826 | Elf:2    | Learned a level 4 spell: Passage of Golubria
 51216 | Depths:4 | Reached skill level 1 in Translocations
 51360 | Depths:4 | Found a one-way gateway to a ziggurat.
 51389 | Depths:4 | Reached skill level 2 in Translocations
 51549 | Depths:4 | Reached skill level 3 in Translocations
 52160 | Vaults:5 | Entered Level 5 of the Vaults
 52194 | Vaults:5 | Noticed an ancient lich
 52200 | Vaults:5 | Killed an ancient lich
 52201 | Vaults:5 | Reached skill level 4 in Translocations
 52258 | Vaults:5 | Reached skill level 5 in Translocations
 52350 | Vaults:5 | Reached skill level 6 in Translocations
 52404 | Vaults:5 | Reached XP level 25. HP: 203/203 MP: 30/30
 52481 | Vaults:5 | Reached skill level 7 in Translocations
 52549 | Vaults:5 | Reached skill level 25 in Fighting
 52565 | Vaults:5 | Identified the +7 morningstar "Cucaim" {drain, rC+ SInv}
 52580 | Vaults:5 | Reached skill level 8 in Translocations
 52594 | Vaults:5 | Identified the +8 chain mail of the Eternal Void {+Blink
                  | rElec rPois}
 52753 | Vaults:5 | Identified the +2 spear "Ugga" {flame, rElec rPois}
 52760 | Vaults:5 | Reached skill level 9 in Translocations
 52817 | Vaults:5 | Noticed an ancient lich
 52821 | Vaults:5 | Killed an ancient lich
 52822 | Vaults:5 | Reached skill level 10 in Translocations
 53085 | Vaults:5 | Reached skill level 11 in Translocations
 53089 | Vaults:5 | Identified the +9 great sword "Funaonk" {flame, rF+}
 53219 | Vaults:5 | Noticed a dread lich
 53226 | Vaults:5 | Killed a dread lich
 53281 | Vaults:5 | Reached skill level 12 in Translocations
 53409 | Vaults:5 | Got the Incunabulum of the Fulgent Flock
 53457 | Vaults:5 | Reached skill level 1 in Hexes
 53494 | Vaults:5 | Got Biethroa's Teachings on Arcane Combat
 53588 | Vaults:5 | Reached skill level 2 in Hexes
 53731 | Vaults:5 | Identified the staff "Xeheu" {rF+ Dex+2 Fire}
 53876 | Vaults:5 | Reached skill level 3 in Hexes
 53992 | Vaults:5 | Got a silver rune of Zot
 54530 | Zot:1    | Entered Level 1 of the Realm of Zot
 54601 | Depths:4 | Reached skill level 4 in Hexes
 54642 | Zot:1    | Reached skill level 5 in Hexes
 54758 | Zot:1    | Reached skill level 6 in Hexes
 54770 | Zot:1    | Identified the +8 short sword of Moderation {venom, rPois
                  | Dex+3}
 55480 | Zot:2    | Noticed a Killer Klown
 55487 | Zot:2    | Killed a Killer Klown
 55545 | Zot:2    | Noticed Parghit
 55548 | Zot:2    | Reached skill level 7 in Hexes
 55554 | Zot:2    | Killed Parghit
 55566 | Zot:2    | Reached skill level 8 in Hexes
 55570 | Zot:2    | Noticed an electric golem
 55645 | Zot:2    | Killed an electric golem
 55646 | Zot:2    | Reached XP level 26. HP: 211/211 MP: 30/30
 55885 | Zot:2    | Noticed an electric golem
 55894 | Zot:2    | Killed an electric golem
 55894 | Zot:2    | Noticed an orb of fire
 55895 | Zot:2    | Reached skill level 9 in Hexes
 55899 | Zot:2    | HP: 19/211 [orb of fire/fireball (74)]
 55899 | Zot:2    | Gained mutation: Your body sometimes deteriorates upon
                  | taking damage. [an orb of fire]
 56089 | Zot:2    | Killed an orb of fire
 56106 | Zot:2    | Lost mutation: Your body sometimes deteriorates upon taking
                  | damage. [potion of mutation]
 56106 | Zot:2    | Gained mutation: You are somewhat resistant to further
                  | mutation. [potion of mutation]
 56403 | Zot:2    | Reached skill level 10 in Hexes
 56798 | Zot:3    | Reached skill level 11 in Hexes
 56801 | Zot:3    | You are sucked into a shaft and drop 1 floor!
 57393 | Snake:2  | Bought a book of Spatial Translocations for 216 gold pieces
 57396 | Snake:2  | Learned a level 2 spell: Blink
 58122 | Zot:3    | Noticed a Killer Klown
 58128 | Zot:3    | Killed a Killer Klown
 58141 | Zot:3    | Noticed an orb of fire
 58144 | Zot:3    | Killed an orb of fire
 58182 | Zot:3    | Found a glowing silver altar of Zin.
 58366 | Zot:3    | Found a hide-covered altar of Uskayaw.
 58661 | Zot:4    | Noticed a Killer Klown
 58676 | Zot:4    | Noticed a curse toe
 58681 | Zot:4    | Killed a Killer Klown
 58724 | Zot:4    | Noticed an electric golem
 58770 | Zot:3    | Reached skill level 26 in Fighting
 58826 | Zot:4    | Killed a curse toe
 58879 | Zot:4    | Lost mutation: You are somewhat resistant to further
                  | mutation. [a shining eye]
 59044 | Zot:4    | Identified the +2 ring mail "Hylyid" {Fly Slay+3}
 59159 | Zot:4    | Killed an electric golem
 59223 | Zot:5    | Entered Level 5 of the Realm of Zot
 59349 | Zot:5    | Noticed a curse toe
 59353 | Zot:5    | Killed a curse toe
 59585 | Zot:5    | Reached XP level 27. HP: 174/222 MP: 24/30
 59672 | Zot:5    | Reached skill level 27 in Fighting
 59720 | Zot:5    | Noticed an electric golem
 59723 | Zot:5    | Noticed an orb of fire
 59728 | Zot:5    | Killed an orb of fire
 59734 | Zot:5    | Killed an electric golem
 59826 | Zot:5    | Reached skill level 19 in Ranged Weapons
 59847 | Zot:5    | Got the Orb of Zot
 60387 | D:$      | Escaped with the Orb!

Vanquished Creatures
  Frederick (Vaults:2)
  An ancient lich (Vaults:5)
  A dread lich (Vaults:5)
  3 orbs of fire the Lernaean hydra (Swamp:4)
  5 Killer Klowns
  2 curse toes
  10 golden dragons
  A Tzitzimitl (Depths:2)
  3 electric golems
  11 tentacled monstrosities
  23 Orb Guardians
  Zenata (Vaults:3)
  An Ice Fiend (D:1)
  Mlioglotl (Snake:2)
  A walking earthen tome (Depths:3)
  2 walking divine tomes
  A deep elf blademaster (Elf:3)
  3 titans
  4 death cobs
  3 liches
  2 quicksilver dragons
  7 sphinxes
  A tentacled starspawn (Abyss:3)
  A deep elf master archer (Elf:3)
  2 thorn hunters
  10 storm dragons
  4 tengu reavers
  5 draconian monks
  2 protean progenitors (Zot:3)
  14 shadow dragons
  3 nagarajas (Snake:4)
  3 draconian knights
  9 fire giants
  8 frost giants
  3 spectral caustic shrikes (Depths:1)
  A ghost moth (Zot:3)
  6 draconian scorchers
  4 deep elf elementalists
  10 vault wardens
  2 iron dragons
  7 deep elf sorcerers
  2 draconian shifters
  A reaper (Zot:5)
  2 draconian annihilators
  An orc warlord (Orc:2)
  14 very ugly things
  An angel (Depths:4)
  2 spriggan defenders (Depths:3)
  6 draconian stormcallers
  19 stone giants
  3 formless jellyfish
  6 eleionomae
  19 ironbound preservers
  6 deep elf demonologists
  2 vampire knights
  2 ironbound thunderhulks
  8 black draconians
  A lorocyproca (Depths:4)
  3 spark wasps (Depths:2)
  7 purple draconians
  8 deep elf death magi
  4 white draconians
  4 dire elephants (Vaults:3)
  7 yellow draconians
  9 green draconians
  4 deep elf annihilators
  7 red draconians
  2 bunyips
  6 war gargoyles
  2 jiangshi (Depths:2)
  5 fire dragons
  A crystal guardian (Vaults:2)
  11 ettins
  A green death (Abyss:3)
  7 deep elf high priests
  12 yaktaur captains
  Josephine (Lair:4)
  2 entropy weavers
  28 vault guards
  15 hydras
  6 rakshasas
  Harold (D:9)
  Erica (D:9)
  7 great orbs of eyes
  3 peacekeepers
  An ogre mage (Vaults:5)
  4 alligators
  5 ice dragons
  6 ironbound frosthearts
  3 spriggan air magi
  2 two-headed ogres
  A salamander tyrant (Snake:4)
  4 boulder beetles
  2 death knights (Vaults:2)
  12 anacondas
  A two-headed ogre (shapeshifter) (Vaults:5)
  A starcursed mass (Abyss:3)
  3 centaur warriors
  A vampire mage (Depths:2)
  2 tengu warriors
  3 deep troll shamans (Depths:3)
  13 dancing weapons
  4 spriggan berserkers
  2 death yaks
  10 deep troll earth magi
  3 occultists (Depths:3)
  A hell hog (D:9)
  7 naga warriors
  Urug (D:10)
  An orc high priest (Elf:2)
  2 sun demons
  A demonic crawler (Zot:3)
  8 deep elf knights
  11 naga sharpshooters
  6 shock serpents
  9 hell knights
  A wretched star (Abyss:3)
  A skyshark (shapeshifter) (Vaults:4)
  6 iron trolls
  5 salamander mystics
  A sixfirhy (Depths:4)
  62 deep trolls
  6 arcanists
  3 mana vipers (shapeshifter)
  6 goliath frogs
  6 glowing orange brains
  A shadow demon (Zot:5)
  5 sea snakes
  A flayed ghost (Depths:2)
  5 large abominations
  7 spriggan druids
  10 swamp dragons
  4 naga ritualists
  A tengu zombie (Depths:2)
  10 bog bodies
  6 mana vipers
  A harpy (Vaults:2)
  9 deep elf archers
  21 deep elf pyromancers
  2 thermic dynamos
  17 ironbound convokers
  A harpy (shapeshifter) (Abyss:3)
  7 phantasmal warriors
  2 necromancers
  6 orc knights
  5 lindwurms
  4 orc sorcerers
  6 will-o-the-wisps
  23 deep elf zephyrmancers
  19 moths of wrath
  2 shining eyes (Zot:4)
  A cyclops (D:14)
  A frost giant zombie (Depths:2)
  An elephant (shapeshifter) (Elf:3)
  28 ugly things
  7 salamanders
  2 manticores
  2 ice statues (IceCv)
  2 kobold blastminers
  12 elephants
  An apocalypse crab (Abyss:3)
  5 guardian serpents
  A guardian serpent (shapeshifter) (Vaults:4)
  A rust devil (D:10)
  31 black mambas
  2 smoke demons
  8 cane toads
  An eye of devastation (shapeshifter) (Vaults:5)
  21 vault sentinels
  A cane toad (shapeshifter) (D:13)
  16 naga magi
  3 torpor snails
  An efreet (Abyss:3)
  3 rime drakes
  Maggie (D:6)
  23 yaktaurs
  8 tengu conjurers
  6 komodo dragons
  A komodo dragon (shapeshifter) (Vaults:4)
  An ancient zyme (Abyss:3)
  4 freezing wraiths
  An anaconda simulacrum (IceCv)
  3 ice devils
  2 polar bears
  A troll (D:11)
  3 bloated husks
  11 tyrant leeches
  A merfolk (shapeshifter) (Vaults:5)
  4 saltlings (Orc:2)
  A hellwing (Abyss:3)
  A glass eye (Depths:4)
  11 hornets
  A dream sheep (shapeshifter) (Vaults:5)
  5 dream sheep (Lair:5)
  18 blink frogs
  6 raiju (Abyss:3)
  A culicivora (shapeshifter) (Vaults:5)
  13 slime creatures
  2 vampires
  3 dire elephant simulacra (IceCv)
  A shadow (D:11)
  2 air elementals
  A ynoxinul (D:1)
  4 wyverns
  14 spriggans
  8 water elementals
  51 yaks
  5 wraiths
  3 basilisks
  5 fire elementals
  3 redbacks (Vaults:3)
  10 vampire mosquitoes
  Grum (D:11)
  Menkaure (D:5)
  36 nagas
  3 small abominations (Abyss:3)
  3 spatial vortices (Abyss:3)
  13 swamp worms
  A chaos spawn (D:1)
  3 acid dragons
  A hydra simulacrum (IceCv)
  12 water moccasins
  Duvessa (D:7)
  An ice beast (D:6)
  A glowing shapeshifter skeleton (Depths:2)
  16 orc warriors
  5 black bears
  5 laughing skulls
  7 swamp drakes
  A sky beast (D:8)
  6 ogres
  4 boggarts (Lair:5)
  25 wolves
  A phantom (D:5)
  3 centaurs
  2 weeping skulls (Abyss:3)
  8 bullfrogs
  4 kobold brigands
  A two-headed ogre simulacrum (IceCv)
  2 gnoll sergeants (D:8)
  6 scorpions
  An earth elemental (Elf:3)
  5 wights (D:8)
  Dowan (D:7)
  2 killer bees (D:6)
  8 howler monkeys
  3 electric eels
  4 bombardier beetles
  A jelly (D:8)
  2 hounds
  A gnoll bouda (D:8)
  13 orc priests
  A sleepcap (D:5)
  Jessica (D:2)
  2 iguanas
  22 orc wizards
  A polar bear simulacrum (IceCv)
  A troll simulacrum (IceCv)
  14 gnolls
  10 adders
  4 river rats
  A naga simulacrum (IceCv)
  A shadow imp (D:7)
  3 ufetubi (D:5)
  A dart slug (D:2)
  2 ribbon worms
  45 orcs
  4 endoplasms
  A giant cockroach (D:3)
  8 goblins
  3 hobgoblins (D:1)
  3 jackals
  7 quokkas
  2 ball pythons (D:2)
  2 bats
  3 frilled lizards
  20 kobolds
  5 rats
  2 aspiring fleshes (Zot:3)
  2 starspawn tentacles (Abyss:3)
1619 creatures vanquished.

Vanquished Creatures (collateral kills)
  An ancient lich (Vaults:5)
  Parghit (Zot:2)
  A Killer Klown (Zot:3)
  6 golden dragons
  An electric golem (Zot:4)
  2 tentacled monstrosities
  An Orb Guardian (Zot:5)
  A deep elf blademaster (Elf:3)
  2 quicksilver dragons
  2 titans (Vaults:5)
  An Executioner (Zot:2)
  3 death cobs
  5 tengu reavers
  2 storm dragons (Zot:2)
  2 shadow dragons
  2 draconian monks
  2 protean progenitors
  A fenstrider witch (Swamp:2)
  2 nagarajas (Snake:4)
  4 frost giants
  A ghost moth (Zot:4)
  3 deep elf sorcerers
  A draconian shifter (Zot:2)
  2 iron dragons
  A draconian scorcher (Zot:3)
  3 deep elf elementalists (Elf:3)
  6 vault wardens
  A spectral caustic shrike (Depths:1)
  3 ironbound preservers
  2 reapers
  A formless jellyfish (Vaults:3)
  A stone giant (Depths:2)
  A spriggan defender (Depths:3)
  2 vampire knights (Depths:2)
  2 very ugly things
  An ironbound thunderhulk (Vaults:2)
  A green draconian (Zot:2)
  A deep elf demonologist (Elf:1)
  A white draconian (Zot:2)
  A deep elf annihilator (Elf:3)
  4 black draconians
  A purple draconian (Zot:1)
  A spark wasp (Depths:2)
  2 dire elephants
  3 yellow draconians
  2 ettins
  A fire dragon (D:13)
  A jiangshi (Depths:2)
  A deep elf high priest (Elf:3)
  2 yaktaur captains
  A rakshasa (Abyss:3)
  A great orb of eyes (Vaults:1)
  3 hydras
  A salamander tyrant (Snake:3)
  A catoblepas (Lair:3)
  6 vault guards
  4 anacondas
  A spriggan air mage (Depths:2)
  2 peacekeepers
  A ghost crab (Swamp:3)
  An ironbound frostheart (Vaults:1)
  3 boulder beetles
  A deep troll shaman (Depths:2)
  2 alligators
  A dancing weapon (Elf:3)
  6 centaur warriors
  3 hell hogs (D:9)
  3 two-headed ogres
  4 naga warriors
  4 deep troll earth magi
  A death yak (Lair:3)
  4 tengu warriors
  An orc high priest (Orc:2)
  3 naga sharpshooters
  2 shock serpents
  2 skysharks
  A spatial maelstrom (Abyss:3)
  A mana viper (Snake:2)
  A bog body (Swamp:4)
  A sea snake (Snake:3)
  A swamp dragon (Swamp:4)
  A thermic dynamo (Elf:1)
  18 deep trolls
  3 naga ritualists
  4 lindwurms
  5 orc knights
  A deep elf archer (Elf:1)
  A golden dragon skeleton (Depths:2)
  4 ironbound convokers
  2 deep elf pyromancers
  2 deep elf zephyrmancers
  3 orc sorcerers
  2 shining eyes (shapeshifter)
  5 cyclopes
  A manticore (D:11)
  4 salamanders
  13 ugly things
  2 moths of wrath (Zot:1)
  10 black mambas
  A kobold blastminer (Orc:2)
  2 guardian serpents
  3 vault sentinels
  5 slime creatures
  3 elephants
  3 naga magi
  A molten gargoyle (Lair:4)
  2 eyes of devastation (shapeshifter)
  A torpor snail (Lair:5)
  A gargoyle (D:12)
  6 cane toads
  An unseen horror (D:11)
  A komodo dragon (D:8)
  A freezing wraith (Vaults:5)
  4 yaktaurs (Vaults:2)
  A tengu conjurer (D:13)
  2 anaconda simulacra (IceCv)
  An ancient zyme (Abyss:3)
  2 trolls
  An efreet (D:15)
  2 polar bears
  5 ice devils
  4 hornets
  6 blink frogs
  A dream sheep (Lair:5)
  A tarantella (Vaults:2)
  A tyrant leech (Swamp:2)
  2 saltlings (Orc:2)
  An air elemental (Elf:1)
  5 wraiths
  A vampire (D:12)
  11 spriggans
  A fire elemental (Elf:1)
  A yak (shapeshifter) (Vaults:4)
  20 yaks
  A warg (Orc:2)
  2 wyverns
  A starcursed mass (Abyss:3)
  4 basilisks
  2 spatial vortices (Abyss:3)
  A vampire mosquito (D:13)
  3 hydra simulacra (IceCv)
  7 nagas
  6 water moccasins
  A swamp drake (Swamp:4)
  9 orc warriors
  2 laughing skulls
  2 black bears
  2 ogres
  2 centaurs
  4 wolves
  A kobold brigand (D:6)
  A bullfrog (Lair:2)
  A gnoll sergeant (D:9)
  A cane toad simulacrum (IceCv)
  A scorpion (D:5)
  A wight (D:8)
  A killer bee (D:5)
  An electric eel (Snake:3)
  An orc priest (Orc:1)
  A sleepcap (D:7)
  3 orc wizards
  3 gnolls (D:8)
  A white imp (D:5)
  An ufetubus (D:5)
  12 orcs
  2 kobolds
  An aspiring flesh (Zot:4)
429 creatures vanquished.

Vanquished Creatures (others)
  2 yaktaur captains
  A deep elf knight (Elf:2)
  3 deep elf archers
  3 yaktaurs
  2 yaks (D:8)
  A swamp worm (Swamp:3)
  A laughing skull (Abyss:3)
  An orc warrior (D:8)
  A gnoll sergeant (D:8)
  A bullfrog (D:8)
  An orc priest (D:8)
  27 knights
  An ancestor (D:6)
  12 foxfires
57 creatures vanquished.

Grand Total: 2105 creatures vanquished

Table legend: (Time is in decaauts)
 A = Elapsed time spent in this place.
 B = Non-inter-level travel time spent in this place.
 C = Inter-level travel time spent in this place.
 D = Time resting spent in this place.
 E = Time spent auto-exploring this place.
 F = Levels seen in this place.
 G = Mean time per level.
                   A        B        C        D        E       F      G
               +--------+--------+--------+--------+--------+-----+--------+
         Total |  60065 |  52453 |   7612 |  10334 |  30704 |  51 | 1177.7 |
       Dungeon |  17006 |  13882 |   3124 |   2448 |   9054 |  15 | 1133.7 |
        Temple |     27 |     17 |     10 |      0 |      0 |   1 |   27.0 |
          Lair |   7249 |   6435 |    814 |   1193 |   3814 |   5 | 1449.8 |
         Swamp |   3054 |   2728 |    326 |    548 |   1613 |   4 |  763.5 |
     Snake Pit |   6970 |   6494 |    476 |   2025 |   3203 |   4 | 1742.5 |
  Orcish Mines |   2035 |   1583 |    452 |    295 |    879 |   2 | 1017.5 |
   Elven Halls |   3593 |   3292 |    301 |    445 |   2064 |   3 | 1197.7 |
        Vaults |   8759 |   7868 |    891 |   1370 |   4633 |   5 | 1751.8 |
        Depths |   5149 |   4381 |    768 |    712 |   2629 |   4 | 1287.2 |
           Zot |   4640 |   4194 |    446 |    861 |   2106 |   5 |  928.0 |
         Abyss |    473 |    473 |      0 |     16 |    320 |   1 |  473.0 |
         Sewer |    227 |    227 |      0 |      0 |    180 |   1 |  227.0 |
      Ice Cave |    878 |    878 |      0 |    415 |    208 |   1 |  878.0 |
               +--------+--------+--------+--------+--------+-----+--------+

Top non-repeatable levels by time:
 Snake:2: 2474 daAuts
    D:10: 2189 daAuts
    D:11: 1984 daAuts
Vaults:2: 1977 daAuts
  Lair:2: 1973 daAuts
Vaults:5: 1946 daAuts
Vaults:1: 1864 daAuts
 Snake:3: 1842 daAuts
     D:8: 1790 daAuts
   Elf:3: 1746 daAuts
  Lair:5: 1660 daAuts
Depths:2: 1568 daAuts
Vaults:3: 1492 daAuts
Vaults:4: 1477 daAuts
   Orc:2: 1462 daAuts

Table legend:
 A = Non-vault XP
 B = Vault XP
 C = Vault XP percentage of total XP
 D = Non-vault monster count
 E = Vault monster count
 F = Vault count percentage of total count
                 A         B        C        D         E       F
            +---------+---------+-------+---------+---------+-------
      Total |  713733 |  555605 |  43.8 |    1320 |     711 |  35.0
            +---------+---------+-------+---------+---------+-------
        D:1 |      26 |       0 |   0.0 |      16 |       0 |   0.0
        D:2 |      30 |      44 |  59.5 |      10 |       4 |  28.6
        D:3 |      31 |      53 |  63.1 |       4 |       5 |  55.6
        D:4 |     268 |       0 |   0.0 |      18 |       0 |   0.0
        D:5 |     733 |     218 |  22.9 |      19 |       9 |  32.1
        D:6 |    1042 |     365 |  25.9 |      28 |       1 |   3.4
        D:7 |     450 |     212 |  32.0 |      19 |       2 |   9.5
        D:8 |    2112 |    2949 |  58.3 |      33 |      23 |  41.1
        D:9 |    1951 |    1720 |  46.9 |      19 |       2 |   9.5
       D:10 |    6772 |    1664 |  19.7 |      30 |       7 |  18.9
       D:11 |    6822 |     402 |   5.6 |      28 |       3 |   9.7
       D:12 |    1869 |       0 |   0.0 |      10 |       0 |   0.0
       D:13 |    7760 |    2262 |  22.6 |      16 |       4 |  20.0
       D:14 |    8455 |       0 |   0.0 |      20 |       0 |   0.0
       D:15 |   16893 |    3325 |  16.4 |      33 |       5 |  13.2
     Lair:1 |    4384 |       0 |   0.0 |      15 |       0 |   0.0
     Lair:2 |    7810 |    2256 |  22.4 |      34 |       3 |   8.1
     Lair:3 |   11958 |       0 |   0.0 |      39 |       0 |   0.0
     Lair:4 |    9980 |    1510 |  13.1 |      32 |       4 |  11.1
     Lair:5 |   17471 |   10219 |  36.9 |      54 |      49 |  47.6
    Swamp:1 |   10842 |       0 |   0.0 |      24 |       0 |   0.0
    Swamp:2 |   14854 |       0 |   0.0 |      25 |       0 |   0.0
    Swamp:3 |    8063 |       0 |   0.0 |      17 |       0 |   0.0
    Swamp:4 |   12605 |   22782 |  64.4 |      21 |      33 |  61.1
    Snake:1 |   14742 |       0 |   0.0 |      31 |       0 |   0.0
    Snake:2 |   12425 |   19717 |  61.3 |      23 |      31 |  57.4
    Snake:3 |   20425 |    2430 |  10.6 |      47 |       5 |   9.6
    Snake:4 |   11068 |   26266 |  70.4 |      29 |      37 |  56.1
      Orc:1 |    2480 |       0 |   0.0 |      28 |       0 |   0.0
      Orc:2 |    2692 |   11878 |  81.5 |      11 |      35 |  76.1
      Elf:1 |   19861 |    8687 |  30.4 |      35 |      13 |  27.1
      Elf:2 |   18059 |    4982 |  21.6 |      33 |       6 |  15.4
      Elf:3 |   19348 |   35585 |  64.8 |      31 |      32 |  50.8
   Vaults:1 |   23496 |   26239 |  52.8 |      34 |      37 |  52.1
   Vaults:2 |   30165 |   30148 |  50.0 |      45 |      36 |  44.4
   Vaults:3 |   19805 |   21969 |  52.6 |      28 |      29 |  50.9
   Vaults:4 |   26724 |   17012 |  38.9 |      42 |      25 |  37.3
   Vaults:5 |   22259 |  121981 |  84.6 |      31 |     103 |  76.9
   Depths:1 |   11907 |    4719 |  28.4 |      16 |       4 |  20.0
   Depths:2 |   37449 |   42208 |  53.0 |      49 |      40 |  44.9
   Depths:3 |   21188 |   45476 |  68.2 |      24 |      39 |  61.9
   Depths:4 |   43531 |   15991 |  26.9 |      36 |      15 |  29.4
      Zot:1 |   13320 |    5746 |  30.1 |      12 |       5 |  29.4
      Zot:2 |   63003 |    3198 |   4.8 |      50 |       1 |   2.0
      Zot:3 |   54344 |    1921 |   3.4 |      41 |       2 |   4.7
      Zot:4 |   26119 |       0 |   0.0 |      19 |       0 |   0.0
      Zot:5 |   30975 |   52105 |  62.7 |      24 |      27 |  52.9
    Abyss:3 |   15167 |       0 |   0.0 |      37 |       0 |   0.0
      Sewer |       0 |     234 | 100.0 |       0 |      10 | 100.0
      IceCv |       0 |    7132 | 100.0 |       0 |      25 | 100.0
            +---------+---------+-------+---------+---------+-------
